 Dungeon Crawl Stone Soup version 0.27.1-3-gb3d3a73c9e (webtiles) character file.

Game seed: 2923525248835655744

21494 Cykl0x the Peltast (level 12, -12/104 HPs)
             Began as a Minotaur Fighter on Oct 13, 2021.
             Was a Priest of the Shining One.
             Mangled by a vampire knight (29 damage)
             ... on level 13 of the Dungeon.
             The game lasted 00:22:36 (13372 turns).

Cykl0x the Peltast (Minotaur Fighter)              Turns: 13372, Time: 00:22:37

Health: -12/104    AC: 18    Str: 31    XL:     12   Next: 54%
Magic:  15/16      EV:  8    Int:  5    God:    the Shining One [***...]
Gold:   42         SH: 37    Dex: 13    Spells: 11/11 levels left

rFire    . . .     SeeInvis .   a - +1 long sword (vorpal)
rCold    . . .     Faith    .   p - +1 tower shield
rNeg     + . .     Spirit   .   F - +0 plate armour {rPois}
rPois    +         Reflect  +   (helmet restricted)
rElec    .         Harm     .   t - +1 cloak {Stlth+}
rCorr    +         Rampage  .   i - +0 pair of gloves {archery}
Will     .....                  (no boots)
Stlth    ..........             E - amulet of reflection
HPRegen  0.27/turn              b - ring of resist corrosion
MPRegen  0.15/turn              D - +6 ring of strength

@: divinely shielded, glowing, studying 3 skills
A: horns 2, retaliatory headbutt, agile 1, subdued magic 1
a: Renounce Religion, Divine Shield


You were on level 13 of the Dungeon.
You worshipped the Shining One.
The Shining One was most pleased with you.
You visited 2 branches of the dungeon, and saw 14 of its levels.
You also visited: Ossuary.

You collected 876 gold pieces.
You spent 834 gold pieces at shops.

Inventory:

Hand Weapons
 a - a +1 vorpal long sword (weapon)
 m - a +4 short sword of freezing
Missiles
 f - 27 poisoned darts
 g - 8 boomerangs (quivered)
 l - 407 stones
Armour
 i - a +0 pair of gloves of archery (worn)
 p - a +1 tower shield (worn)
 t - a +1 cloak of stealth (worn)
 F - a +0 plate armour of poison resistance (worn)
 J - a +0 chain mail of cold resistance
Jewellery
 b - a ring of resist corrosion (left hand)
 c - a +6 ring of dexterity
 o - a ring of flight
 r - a +4 ring of evasion
 D - a +6 ring of strength (right hand)
 E - an amulet of reflection (around neck)
Wands
 d - a wand of paralysis (7)
 h - a wand of flame (13)
 v - a wand of acid (8)
 G - a wand of iceblast (6)
 H - a wand of mindburst (13)
Scrolls
 k - a scroll of brand weapon
 q - 7 scrolls of teleportation
 u - 2 scrolls of enchant armour
 y - 2 scrolls of fear
 B - 3 scrolls of vulnerability
 K - 5 scrolls of identify
Potions
 e - 4 potions of ambrosia
 n - 11 potions of curing
 s - 2 potions of flight
 x - a potion of mutation
 z - 6 potions of lignification
 A - a potion of magic
 C - 3 potions of might


   Skills:
 + Level 9.2 Fighting
 + Level 0.5(8.7) Short Blades
 + Level 14.2 Long Blades
 + Level 7.1 Throwing
 + Level 9.5 Armour
 + Level 4.1 Dodging
 + Level 16.3 Shields
 * Level 6.9 Invocations


You had 11 spell levels left.
You didn't know any spells.
Your spell library contained the following spells:

 Spells                   Type           Power      Damage    Failure   Level
 Beastly Appendage        Tmut           0%         N/A       100%        1
 Magic Dart               Conj           0%         1d3       100%        1
 Summon Small Mammal      Summ           0%         N/A       100%        1
 Blink                    Tloc           N/A        N/A       100%        2
 Call Imp                 Summ           0%         N/A       100%        2
 Searing Ray              Conj           0%         3d3       100%        2
 Static Discharge         Conj/Air       0%         N/A       100%        2
 Wereblood                Tmut           0%         N/A       100%        2
 Call Canine Familiar     Summ           0%         N/A       100%        3
 Mephitic Cloud           Conj/Pois/Air  0%         N/A       100%        3
 Spider Form              Tmut/Pois      0%         N/A       100%        3
 Stone Arrow              Conj/Erth      0%         3d7       100%        3
 Summon Guardian Golem    Hex/Summ       0%         N/A       100%        3
 Animate Armour           Summ/Erth      0%         N/A       100%        4
 Cause Fear               Hex            0%         N/A       100%        4
 Dispel Undead            Necr           0%         3d6       100%        4
 Fulminant Prism          Conj/Hex       0%         3d6       100%        4
 Sticky Flame             Conj/Fire      0%         2d3       100%        4
 Manifold Assault         Tloc           0%         N/A       100%        5
 Dragon Form              Tmut           0%         N/A       100%        7
 Storm Form               Tmut/Air       0%         N/A       100%        7
 Lehudib's Crystal Spear  Conj/Erth      0%         10d2      100%        8
 Dragon's Call            Summ           0%         N/A       100%        9


Dungeon Overview and Level Annotations

Branches:
Dungeon (13/15)            Temple (1/1) D:6            Lair (0/6) D:8
    Orc (0/2) D:9         Ossuary (visited)
 Vaults: D:13-14

Altars:
Ashenzari
Cheibriados
Elyvilon
Fedhas
Gozag
Kikubaaqudgha
Nemelex Xobeh
Okawaru
Sif Muna
Trog
Wu Jian
Xom
Yredelemnul
The Shining One
Beogh

Shops:
D:2 =   D:3 !   D:6 [   D:12 *   D:13 [[

Annotations:
D:7 2 transporters, AZSletch's ghost, novice GnAM


Innate Abilities, Weirdness & Mutations

You have a pair of horns on your head.
You reflexively headbutt those who attack you in melee.
You are agile. (Dex +2)
Your spells are a little easier to cast, but a little less powerful.


Message History

You block the vampire knight's attack. x2
You hit the vampire knight.
Your headbutt misses the vampire knight.
The vampire knight is moderately damaged.
You block the vampire knight's attack. The vampire knight bites you.
* * * LOW HITPOINT WARNING * * *
You hit the vampire knight.
You headbutt the vampire knight, but do no damage.
The vampire knight is heavily damaged.
You block the vampire knight's attack. The vampire knight bites you.
* * * LOW HITPOINT WARNING * * *
The vampire knight draws strength from your injuries!
You feel much better.
The vampire knight hits you but does no damage.
You block the vampire knight's attack. x3
You hit the vampire knight but do no damage.
The vampire knight is moderately damaged.
The vampire knight draws life force from you.
* * * LOW HITPOINT WARNING * * *
The vampire knight is healed by the life force!
You hit the vampire knight but do no damage.
You headbutt the vampire knight, but do no damage.
The vampire knight is moderately damaged.
You block the vampire knight's attack. x2
You hit the vampire knight. You headbutt the vampire knight.
The vampire knight is heavily damaged.
You block the vampire knight's attack. The vampire knight bites you.
* * * LOW HITPOINT WARNING * * *
You block the vampire knight's attack. The vampire knight bites you!
* * * LOW HITPOINT WARNING * * *
The vampire knight draws strength from your injuries!
You slash the vampire knight!
Your headbutt misses the vampire knight.
The vampire knight is heavily damaged.
You block the vampire knight's attack. x2
You hit the vampire knight but do no damage.
You headbutt the vampire knight.
The vampire knight is heavily damaged.
The vampire knight hits you with a +0 great mace!!
You die...

#.......###..#..........####...
#.......# ##.#..)........).#...
#.......# #.#.......$..# .....
#####+### #...)........# ##...
###..........# #...
#.#.#.#.#..# #)#######..# #)#
.# #@# # #V# #.# #.# #..☼..Vw.
+.......# #.....e.# #.......#
##+######


You could see a vampire knight (fast).

Vanquished Creatures
  2 hydras
  3 centaur warriors
  5 two-headed ogres
  A deep elf pyromancer (D:13)
  2 ugly things
  2 cyclopes
  A manticore (D:10)
  A gargoyle (D:10)
  A komodo dragon (D:13)
  3 trolls
  The ghost of makewrite the Vandal, an amateur MiHu of Yredelemnul (D:4)
  A hornet (D:10)
  2 tyrant leeches (D:13)
  Grinder (D:4)
  Prince Ribbit (D:6)
  3 vampires (D:13)
  3 wyverns
  2 wraiths
  3 steam dragons
  6 yaks (D:11)
  5 vampire mosquitoes (D:13)
  5 acid dragons
  6 orc warriors
  A water moccasin (D:6)
  A black bear (D:7)
  A necrophage (D:7)
  A sky beast (D:8)
  An ice beast (D:5)
  12 centaurs
  A kobold brigand (D:9)
  4 bullfrogs
  A gnoll sergeant (D:12)
  13 scorpions
  A wyvern zombie (D:9)
  A water moccasin zombie (D:7)
  6 killer bees (D:9)
  6 howler monkeys
  8 wights
  A bullfrog zombie (D:6)
  A jelly (D:5)
  8 centaur zombies
  A hound (D:4)
  2 human zombies (Ossuary)
  9 orc priests
  A bullfrog skeleton (D:7)
  3 centaur skeletons
  2 gnoll shamans (D:9)
  3 iguanas
  19 orc wizards
  8 scorpion zombies (Ossuary)
  2 killer bee zombies (D:8)
  A hound skeleton (D:5)
  4 mummies
  A howler monkey zombie (D:7)
  14 gnolls
  3 adders
  A white imp (D:6)
  2 ufetubi
  4 worms
  3 dart slugs
  81 orcs
  7 bats
  8 endoplasms
  A giant cockroach (D:3)
  2 gnoll zombies (Ossuary)
  6 hobgoblins
  7 jackals (D:3)
  10 kobolds
  7 quokkas
  4 ball pythons
  5 frilled lizards
  10 goblins
  A goblin zombie (D:4)
  A hobgoblin zombie (Ossuary)
  A kobold zombie (Ossuary)
  5 orc zombies
  7 rats
374 creatures vanquished.

Vanquished Creatures (others)
  An orc wizard (D:5)
1 creature vanquished.

Grand Total: 375 creatures vanquished

Notes
Turn   | Place    | Note
-------+----------+-------------------------------------------
     0 | D:1      | Cykl0x the Minotaur Fighter began the quest for the Orb.
     0 | D:1      | Reached XP level 1. HP: 19/19 MP: 0/0
   130 | D:1      | Reached skill level 4 in Shields
   135 | D:1      | Reached XP level 2. HP: 27/27 MP: 1/1
   390 | D:1      | HP: 1/27 [poisoned by a goblin]
   395 | D:1      | HP: 1/27 [poisoned by a goblin]
   464 | D:1      | Found a faded altar of an unknown god.
   547 | D:1      | Reached XP level 3. HP: 33/33 MP: 2/2
  1422 | D:2      | Found Eraexiast's Jewellery Emporium.
  2303 | D:3      | Reached XP level 4. HP: 40/40 MP: 3/3
  2440 | D:3      | Reached skill level 1 in Throwing
  2513 | D:3      | Found Oruzin's Distillery.
  2639 | D:3      | Reached skill level 5 in Shields
  2722 | D:4      | Reached XP level 5. HP: 46/46 MP: 4/4
  2855 | D:4      | Found a runed translucent gate.
  2856 | D:4      | Found a runed translucent gate.
  2857 | D:4      | Found a runed translucent gate.
  2857 | D:4      | Found an opulent altar of Gozag.
  2859 | D:4      | Noticed makewrite's ghost (amateur MiHu)
  2962 | D:4      | Reached skill level 1 in Dodging
  2990 | D:4      | Noticed Grinder
  3002 | D:4      | Found a sand-covered staircase.
  3007 | D:4      | Reached XP level 6. HP: 52/52 MP: 5/5
  3009 | Ossuary  | Entered an ossuary
  3032 | Ossuary  | Reached skill level 6 in Shields
  3033 | Ossuary  | Reached skill level 5 in Armour
  3093 | Ossuary  | Reached XP level 7. HP: 60/60 MP: 6/6
  3109 | Ossuary  | Reached skill level 5 in Fighting
  3109 | Ossuary  | Reached skill level 5 in Long Blades
  3149 | Ossuary  | Reached skill level 7 in Shields
  3210 | Ossuary  | Reached XP level 8. HP: 53/69 MP: 7/7
  3362 | Ossuary  | Reached skill level 8 in Shields
  3507 | D:4      | Paralysed by Grinder for 2 turns
  3513 | D:4      | Killed Grinder
  3958 | D:4      | Killed makewrite's ghost
  4008 | D:5      | Entered Level 5 of the Dungeon
  4126 | D:5      | Reached skill level 9 in Shields
  4126 | D:5      | Reached XP level 9. HP: 75/75 MP: 8/8
  4359 | D:5      | Found a runed translucent door.
  4804 | D:5      | Identified a scroll of acquirement
  4804 | D:5      | Acquired a manual of Long Blades
  4920 | D:2      | Bought an amulet of reflection for 330 gold pieces
  5319 | D:6      | Reached skill level 10 in Shields
  5484 | D:6      | Noticed Prince Ribbit
  5506 | D:6      | Killed Prince Ribbit
  5613 | D:6      | Found Gaoqadd's Antique Armour Shoppe.
  5669 | D:6      | Acquired a manual of Shields
  5682 | D:6      | Found a staircase to the Ecumenical Temple.
  5693 | Temple   | Entered the Ecumenical Temple
  5841 | Temple   | Became a worshipper of the Shining One
  6259 | D:6      | Reached skill level 1 in Invocations
  6464 | D:7      | Found a transporter.
  6484 | D:7      | Found a transporter.
  6484 | D:7      | Reached * piety under the Shining One
  6484 | D:7      | Noticed AZSletch's ghost (novice GnAM)
  6546 | D:7      | Reached skill level 11 in Shields
  6780 | D:7      | Reached XP level 10. HP: 86/86 MP: 10/10
  7156 | D:8      | Reached skill level 10 in Long Blades
  7406 | D:8      | Found a broken altar of Ashenzari.
  7537 | D:8      | Found a staircase to the Lair.
  7993 | D:8      | Reached ** piety under the Shining One
  8227 | D:9      | Found a staircase to the Orcish Mines.
  8607 | D:9      | Gained mutation: You are frail. (-10% HP) [potion of
                  | mutation]
  8607 | D:9      | Gained mutation: You are clumsy. (Dex -2) [potion of
                  | mutation]
  8608 | D:9      | Lost mutation: You are clumsy. (Dex -2) [potion of
                  | mutation]
  8608 | D:9      | Lost mutation: You are frail. (-10% HP) [potion of
                  | mutation]
  8608 | D:9      | Gained mutation: You are agile. (Dex +2) [potion of
                  | mutation]
  8608 | D:9      | Gained mutation: Your spells are a little easier to cast,
                  | but a little less powerful. [potion of mutation]
  9026 | D:10     | Entered Level 10 of the Dungeon
  9052 | D:10     | Noticed a gargoyle
  9057 | D:10     | Killed a gargoyle
  9058 | D:10     | Reached skill level 12 in Shields
  9100 | D:10     | Noticed a two-headed ogre
  9109 | D:10     | Killed a two-headed ogre
  9135 | D:10     | Noticed a white ugly thing
  9156 | D:10     | Killed a white ugly thing
  9157 | D:10     | Reached skill level 5 in Throwing
  9520 | D:10     | Reached XP level 11. HP: 78/94 MP: 13/13
 10034 | D:10     | Reached skill level 13 in Shields
 10854 | D:11     | Reached skill level 5 in Invocations
 11196 | D:11     | Noticed a six-headed hydra
 11205 | D:11     | Killed a six-headed hydra
 11375 | D:11     | Noticed a centaur warrior
 11380 | D:11     | Killed a centaur warrior
 11381 | D:11     | Reached skill level 14 in Shields
 11433 | D:11     | Noticed a two-headed ogre
 11436 | D:11     | Reached *** piety under the Shining One
 11444 | D:11     | Killed a two-headed ogre
 11452 | D:11     | Noticed a two-headed ogre
 11459 | D:11     | Killed a two-headed ogre
 12163 | D:12     | Found Elif's General Store.
 12166 | D:12     | Noticed a four-headed hydra
 12176 | D:12     | Killed a four-headed hydra
 12177 | D:12     | Reached XP level 12. HP: 94/103 MP: 15/15
 12236 | D:12     | Bought a potion of curing for 42 gold pieces
 12236 | D:12     | Bought 2 scrolls of identify for 56 gold pieces
 12236 | D:12     | Bought a scroll of identify for 28 gold pieces
 12449 | D:12     | Reached skill level 15 in Shields
 13017 | D:13     | Found Cheibriados's Comfort Zone.
 13017 | D:13     | Found a snail-covered altar of Cheibriados.
 13018 | D:13     | Found Miett's Armour Boutique.
 13047 | D:13     | Bought a +0 plate armour of poison resistance for 378 gold
                  | pieces
 13076 | D:13     | Noticed a two-headed ogre
 13081 | D:13     | Killed a two-headed ogre
 13223 | D:13     | Noticed a centaur warrior
 13226 | D:13     | Killed a centaur warrior
 13255 | D:13     | Noticed a two-headed ogre
 13266 | D:13     | Killed a two-headed ogre
 13273 | D:13     | Noticed a centaur warrior
 13283 | D:13     | Killed a centaur warrior
 13284 | D:13     | Reached skill level 16 in Shields
 13351 | D:13     | Noticed a vampire knight
 13372 | D:13     | Mangled by a vampire knight

Illustrated notes

Levels and vault maps discovered:
D:1:      minmay_arrival_semitransparent, layout_basic,
          hellmonk_ecumenical_altar_lost_god, kennysheep_nondescript,
          minmay_octomino_j4
D:2:      layout_basic, serial_shops, nicolae_shop_crystal, solitary_fountain,
          minmay_misc_feat_four_crosses, minmay_hedge_maze
D:3:      layout_basic, serial_shops, nicolae_shop_crystal, lemuel_old_faithful
D:4:      layout_loops_ring, nicolae_ossuary_entry_giza, ebering_ghost_gozag,
          kennysheep_generic_room_11, uniq_grinder
D:5:      layout_basic, minmay_splitting_lines, lightli_church_of_beogh
D:6:      layout_basic, minmay_temple_entry_mist, serial_shops,
          nicolae_square_shop, uniq_prince_ribbit1
D:7:      layout_basic, gammafunk_ghost_mausoleum
D:8:      layout_basic, kennysheep_mini, dpeg_oklobed_lair, special_room
          [special_room_orc], kennysheep_path_1, grunt_ministairs_10
D:9:      layout_irregular_city, orc_david_3
D:10:     layout_grid_maze, minmay_quadrilaterals
D:11:     layout_loops_corners
D:12:     layout_basic, serial_shops, nicolae_stop_n_shop_2
D:13:     layout_roguey, serial_shops, shop, minmay_shop_chei,
          minmay_guarded_unrand_vampires_tooth, uniq_urug
Temple:   roderic_octagonal_lattice_temple

Skill      XL: |  1  2  3  4  5  6  7  8  9 10 11 12 |
---------------+-------------------------------------+-----
Shields        | 4 5 6 7 9 11 12 14 16 | 16.3
Fighting       | 4 5 6 7 8 9 |  9.2
Armour         | 4 5 6 7 8 9 |  9.5
Long Blades    | 3 4 6 8 9 12 13 14 | 14.2
Throwing       | 1 2 3 5 6 7 |  7.1
Dodging        | 1 2 3 4 |  4.1
Invocations    | 2 4 6 |  6.9
Short Blades   | |  0.5

Action                   |  1- 3 |  4- 6 |  7- 9 | 10-12 || total
-------------------------+-------+-------+-------+-------++-------
Melee: Long sword        |   114 |   142 |   328 |   448 ||  1032
       Headbutt          |    17 |    27 |    75 |   120 ||   239
       Short sword       |       |       |       |     8 ||     8
Throw: Stone             |    48 |    15 |       |       ||    63
       Boomerang         |       |    14 |    49 |    98 ||   161
       Dart              |       |       |       |    46 ||    46
Invok: Divine Shield     |       |       |       |     6 ||     6
Evoke: Wand              |       |       |       |     1 ||     1
  Use: Scroll            |       |     7 |     9 |     8 ||    24
       Potion            |       |     2 |     1 |     5 ||     8
Armor: Scale mail        |    29 |       |       |       ||    29
       Chain mail        |    26 |    57 |   109 |    71 ||   263
       Plate armour      |       |       |       |    10 ||    10
Dodge: Dodged            |    26 |    25 |    72 |    38 ||   161
Block: Kite shield       |    29 |       |       |       ||    29
       Tower shield      |    48 |   127 |   376 |   516 ||  1067
       Reflection        |       |       |     1 |    46 ||    47
       Rpst.: Long sword |     6 |     4 |    20 |     7 ||    37
